 Dungeon Crawl Stone Soup version 0.23.0-28-g6fe0f4d (webtiles) character file.

Game seed: 9375961960322794832

9391 redwoodhats the Blocker (level 11, -6/94 HPs)
             Began as a Grey Draconian Fighter on Feb 26, 2019.
             Killed from afar by a white imp (7 damage)
             ... with a puff of frost
             ... on level 2 of the Lair of Beasts.
             The game lasted 00:51:31 (9981 turns).

redwoodhats the Blocker (Grey Draconian Fighter)    Turns: 9981, Time: 00:51:32

Health: -6/94      AC: 14    Str: 21    XL:     11   Next: 22%
Magic:  0/11       EV: 21    Int: 11    God:
Gold:   440        SH: 13    Dex: 16    Spells: 10/10 levels left

rFire    . . .     SeeInvis .   I - +9 spear "Behempobb" {pierce, Int+2}
rCold    . . .     Gourm    .   b - +1 shield
rNeg     + . .     Faith    .   (armour unavailable)
rPois    .         Spirit   +   (helmet restricted)
rElec    .         Reflect  .   o - +0 cloak {MR+}
rCorr    .         Harm     .   j - +0 pair of gloves
MR       ++...                  (no boots)
Stlth    +++.......             J - amulet of guardian spirit
HPRegen  0.25/turn              p - ring of positive energy
MPRegen  0.12/turn              s - ring of protection from magic

@: agile, slowed, very slow
A: walk through water, unfitting armour, stinger 1, blink, unbreathing,
cold-blooded, AC +12
a: Blink


You were on level 2 of the Lair of Beasts.
You were not hungry.

You visited 2 branches of the dungeon, and saw 10 of its levels.

You collected 440 gold pieces.

Inventory:

Hand Weapons
 a - a +0 trident
 h - a +0 hunting sling
 m - a +0 shortbow
 q - a +3 hunting sling
 x - a +0 short sword of freezing
 E - a cursed +3 great sword
 F - a cursed +5 short sword
 G - a +5 scimitar
 H - a +3 falchion
 I - the +9 spear "Behempobb" (weapon) {pierce, Int+2}
   (You found it on level 7 of the Dungeon)

   It inflicts extra damage upon your enemies.
   It affects your intelligence (+2).
Missiles
 g - 75 sling bullets
 w - 6 tomahawks (quivered)
 B - 19 arrows
 D - 5 tomahawks of dispersal
Armour
 b - a +1 shield (worn)
 j - a +0 pair of gloves (worn)
 k - a scarf of cloud immunity
 o - a +0 cloak of magic resistance (worn)
 A - the +4 ring mail of Sovereignty {Int+2 Slay+2, unknown}
   (You found it on level 5 of the Dungeon)

   It affects your intelligence (+2).
   It affects your accuracy and damage with ranged weapons and melee attacks
   (+2).
Jewellery
 p - a ring of positive energy (left hand)
 r - an uncursed amulet of magic regeneration
 s - a ring of protection from magic (right hand)
 C - an uncursed ring of wizardry
 J - an amulet of guardian spirit (around neck)
Wands
 y - a wand of scattershot (4)
 K - a wand of flame (5)
 M - a wand of random effects (29)
Scrolls
 i - 4 scrolls of amnesia
 n - 2 scrolls of remove curse
 t - 3 scrolls of magic mapping
 v - 4 scrolls of identify
Potions
 c - 2 potions of might
 u - a potion of degeneration
 z - a potion of mutation
Miscellaneous
 f - a box of beasts
Comestibles
 d - 12 rations


   Skills:
 + Level 7.8 Fighting
 + Level 4.5 Short Blades
 + Level 7.5 Polearms
 + Level 7.0(7.1) Slings
 + Level 1.2(4.5) Throwing
 + Level 7.3 Dodging
 + Level 3.2 Stealth
 + Level 8.7 Shields
 + Level 0.2 Evocations


You had 10 spell levels left.
You didn't know any spells.
Your spell library contained the following spells:

 Spells                   Type           Power        Failure   Level  Hunger
 Cause Fear               Hex            #.........   100%        4    #####..
 Silence                  Hex/Air        #.........   100%        5    ######.
 Yara's Violent Unravell  Hex/Tmut       #.........   100%        5    ######.
 Deflect Missiles         Chrm/Air       #.........   100%        6    #######
 Discord                  Hex            #.........   100%        8    #######


Dungeon Overview and Level Annotations

Branches:
Dungeon (8/15)             Temple (0/1) D:7            Lair (2/6) D:8
  Swamp: Lair:2-4    Shoals: Lair:2-4     Snake: Lair:2-4    Spider: Lair:2-4

Altars:
Cheibriados
Makhleb
Nemelex Xobeh
Ru
Trog
Uskayaw
Vehumet
Xom

Portals:
Ice
Cave: Lair:2
Gauntlet: Lair:2


Innate Abilities, Weirdness & Mutations

You can walk through water.
Your dull iron-grey scales are very hard. (AC +12)
You cannot fit into any form of body armour.
You can survive without breathing.
You are cold-blooded and may be slowed by cold attacks.
Your tail ends in a poisonous barb.
You can translocate small distances at will.


Message History

The white imp gestures at you. You block the puff of frost.
You block the white imp's attack.
The white imp hits the fungus.
The white imp freezes the fungus.
You block the white imp's attack. The white imp completely misses you.
Found a gate leading to a gauntlet.
The white imp gestures at you.
The puff of frost hits you but does no damage.
The white imp shouts, "Scamper home, thou goatish sow-suckled bounder!"
The white imp gestures at you. The puff of frost misses you.
The white imp hits you.
* * * LOW HITPOINT WARNING * * *
The white imp freezes you.
You feel yourself slow down.
* * * LOW HITPOINT WARNING * * *
You feel agile all of a sudden. The white imp gestures at you.
The puff of frost hits you!
You die...

#P..............PP###..##>
##..............### ..#...
#..#...#.......# ##P.
#..#...P........# #..
##55#...........P# ##.
#PP5##..........## #.
#P..##...∩......# #.
##...#P.5.......# #.
##..###.5@.......
#..55.5.55......#
##..55.......∩...
#.#.##.###..#.## ########
### #


You could see 9 white imps.

Vanquished Creatures
  A hydra (Lair:1)
  The ghost of Karim the Cleaver, a novice OgMo of Zin (Lair:1)
  A two-headed ogre (D:8)
  3 komodo dragons (Lair:1)
  2 hippogriffs (Lair:1)
  Grinder (D:3)
  8 blink frogs
  Sigmund (D:3)
  5 yaks (Lair:1)
  2 water moccasins (Lair:1)
  A porcupine (Lair:1)
  An ice beast (D:8)
  2 black bears
  4 phantoms
  10 wolves (Lair:1)
  4 ogres
  A centaur (D:6)
  4 bullfrogs
  4 scorpions
  5 wights (D:7)
  A howler monkey (D:4)
  A crimson imp (D:6)
  3 bullfrog zombies
  A hound (D:6)
  A quasit (D:7)
  2 centaur skeletons
  An orc priest (D:5)
  4 orc wizards
  An iguana (D:6)
  Jessica (D:2)
  2 bullfrog skeletons
  5 worker ants
  A killer bee zombie (D:6)
  2 hound skeletons
  A howler monkey zombie (D:8)
  4 adders
  A white imp (Lair:2)
  2 oozes (D:5)
  2 worms
  4 dart slugs
  8 leopard geckos
  15 orcs
  6 giant cockroaches
  17 goblins
  9 hobgoblins
  2 jackals (D:2)
  12 kobolds
  8 quokkas
  3 ball pythons
  A ball python skeleton (D:4)
  9 bats
  7 frilled lizards
  A leopard gecko zombie (D:6)
  A quokka zombie (D:7)
  3 rats (D:1)
203 creatures vanquished.

Vanquished Creatures (others)
  A fungus (Lair:1)
1 creature vanquished.

Grand Total: 204 creatures vanquished

Notes
Turn   | Place    | Note
-------+----------+-------------------------------------------
     0 | D:1      | redwoodhats the Draconian Fighter began the quest for the
                  | Orb.
     0 | D:1      | Reached XP level 1. HP: 19/19 MP: 1/1
   335 | D:1      | Reached XP level 2. HP: 19/26 MP: 2/2
   937 | D:2      | Noticed Jessica
   942 | D:2      | Killed Jessica
   942 | D:2      | Reached XP level 3. HP: 33/33 MP: 3/3
  1595 | D:2      | Found a sacrificial altar of Ru.
  1605 | D:2      | Reached skill level 1 in Slings
  1605 | D:2      | Reached XP level 4. HP: 40/40 MP: 4/4
  1847 | D:3      | Noticed Sigmund
  1863 | D:3      | Killed Sigmund
  1863 | D:3      | Reached skill level 4 in Shields
  1863 | D:3      | Reached XP level 5. HP: 30/46 MP: 5/5
  2105 | D:3      | Found a hide-covered altar of Uskayaw.
  2172 | D:3      | Reached XP level 6. HP: 52/52 MP: 6/6
  2220 | D:3      | Noticed Grinder
  2223 | D:3      | Paralysed by Grinder for 4 turns
  2241 | D:3      | Killed Grinder
  2436 | D:3      | Found a bloodstained altar of Trog.
  3067 | D:4      | Your scales start taking on a dull iron-grey colour.
  3067 | D:4      | Reached XP level 7. HP: 59/60 MP: 7/7
  3067 | D:4      | Gained mutation: You can survive without breathing. [Grey
                  | Draconian growth]
  3217 | D:4      | Reached skill level 1 in Stealth
  3544 | D:4      | Reached skill level 5 in Fighting
  3962 | D:4      | Reached skill level 1 in Short Blades
  4117 | D:4      | Reached skill level 5 in Shields
  4117 | D:4      | Reached XP level 8. HP: 57/68 MP: 8/8
  4747 | D:5      | Entered Level 5 of the Dungeon
  4760 | D:5      | Gained mutation: You are resistant to hostile enchantments.
                  | (MR+) [potion of mutation]
  4760 | D:5      | Gained mutation: Your flesh is heat resistant. (rF+)
                  | [potion of mutation]
  4760 | D:5      | Gained mutation: You possess an exceptional clarity of
                  | mind. [potion of mutation]
  4840 | D:5      | Got a shimmering ring mail
  5765 | D:6      | Reached skill level 5 in Slings
  5765 | D:6      | Reached skill level 5 in Dodging
  5935 | D:6      | Reached XP level 9. HP: 56/75 MP: 9/9
  6182 | D:6      | Found a shimmering altar of Xom.
  6478 | D:7      | Found a staircase to the Ecumenical Temple.
  6632 | D:7      | Reached skill level 6 in Shields
  6782 | D:7      | Got a warped spear
  7245 | D:7      | Identified the +9 spear "Behempobb" {pierce, Int+2} (You
                  | found it on level 7 of the Dungeon)
  7357 | D:8      | Found a sparkling altar of Nemelex Xobeh.
  7388 | D:8      | Noticed a two-headed ogre
  7415 | D:8      | Found a snail-covered altar of Cheibriados.
  7526 | D:8      | Killed a two-headed ogre
  7554 | D:8      | Found a radiant altar of Vehumet.
  7569 | D:8      | Found a staircase to the Lair.
  7650 | Lair:1   | Entered Level 1 of the Lair of Beasts
  7650 | Lair:1   | Noticed a five-headed hydra
  7660 | Lair:1   | Killed a five-headed hydra
  7660 | Lair:1   | Reached XP level 10. HP: 26/84 MP: 4/10
  7676 | Lair:1   | Noticed Karim's ghost (novice OgMo)
  7687 | Lair:1   | Reached skill level 1 in Throwing
  7768 | Lair:1   | Reached skill level 5 in Polearms
  7788 | Lair:1   | Reached skill level 7 in Shields
  8512 | Lair:1   | Found a burning altar of Makhleb.
  8569 | Lair:1   | Found a runed translucent door.
  8614 | Lair:1   | Killed Karim's ghost
  8614 | Lair:1   | Reached skill level 8 in Shields
  8986 | Lair:1   | Reached XP level 11. HP: 84/93 MP: 9/11
  9895 | Lair:2   | Noticed a catoblepas
  9927 | Lair:2   | Lost mutation: You are resistant to hostile enchantments.
                  | (MR+) [potion of mutation]
  9927 | Lair:2   | Lost mutation: You possess an exceptional clarity of mind.
                  | [potion of mutation]
  9927 | Lair:2   | Lost mutation: Your flesh is heat resistant. (rF+) [potion
                  | of mutation]
  9927 | Lair:2   | Gained mutation: You can translocate small distances at
                  | will. [potion of mutation]
  9927 | Lair:2   | Gained mutation: Your tail ends in a poisonous barb.
                  | [potion of mutation]
  9930 | Lair:2   | Found a shimmering altar of Xom.
  9956 | Lair:2   | Found a frozen archway.
  9977 | Lair:2   | Found a gate leading to a gauntlet.
  9980 | Lair:2   | HP: 3/94 [white imp (1)]
  9980 | Lair:2   | HP: 1/94 [white imp (2)]
  9981 | Lair:2   | Killed from afar by a white imp

Skill      XL: |  1  2  3  4  5  6  7  8  9 10 |
---------------+-------------------------------+-----
Dodging        | 3 4 5 7 |  7.3
Fighting       | 4 5 6 7 |  7.8
Slings         | 1 2 3 4 5 7 |  7.0
Polearms       | 3 4 7 |  7.5
Shields        | 4 5 6 8 |  8.7
Stealth        | 1 2 3 |  3.2
Short Blades   | 1 3 4 |  4.5
Throwing       | 1 |  1.2
Evocations     | |  0.2

Action                   |  1- 3 |  4- 6 |  7- 9 | 10-12 || total
-------------------------+-------+-------+-------+-------++-------
Melee: Trident           |    50 |    55 |    25 |       ||   130
       Tailslap          |     1 |     4 |    72 |    33 ||   110
       Short sword       |       |       |   409 |       ||   409
       Spear             |       |       |    38 |   246 ||   284
 Fire: Hunting sling     |    28 |    71 |   171 |       ||   270
Throw: Tomahawk          |       |       |     9 |     2 ||    11
 Abil: Blink             |       |       |       |     2 ||     2
Evoke: Wand              |       |       |       |     2 ||     2
  Use: Scroll            |     4 |     4 |     4 |     2 ||    14
       Potion            |     1 |     4 |     5 |     5 ||    15
 Stab: Sleeping          |       |       |     3 |       ||     3
  Eat: Ration            |     1 |     1 |     4 |     3 ||     9
       Chunk             |       |       |     1 |       ||     1
Armor: Skin              |    28 |    20 |   181 |    62 ||   291
Dodge: Dodged            |    34 |    47 |   199 |   122 ||   402
Block: Shield            |    35 |    60 |   305 |   160 ||   560
